3038 views
Uploaded 2020-02-16 01:21:03
Game version 1.32 / 1.32.1
32:30 long 1on1 ladder game on (2)TerenasStand_LV
Saved by Grim
3038 views
Uploaded 2020-02-16 01:21:03
Game version 1.32 / 1.32.1
32:30 long 1on1 ladder game on (2)TerenasStand_LV

45 units @ 6.4k
/ 0.7k
16 buildings @ 2.5k
/ 1k



| Rod of Necromancy | 2 | 300 |
| Orb of Corruption | 1 | 375 |
| Scroll of Healing | 1 | 250 |
| Scroll of Town Portal | 1 | 350 |
| Staff of Teleportation | 1 | 150 |
| Potion of Lesser Invulnerability | 1 | 150 |
| total: | 7 | 1575g |
| Acolyte | 10 | 750 | / | 0 |
| Ghoul | 17 | 2040 | / | 0 |
| Obsidian Statue | 3 | 600 | / | 105 |
| Crypt Fiend | 11 | 2365 | / | 440 |
| Banshee | 4 | 620 | / | 120 |
| total: | 45 | 6375g | / | 665w |
| Spirit Tower | 4 | 580 | / | 160 |
| Altar of Darkness | 1 | 180 | / | 50 |
| Ziggurat | 9 | 1350 | / | 450 |
| Crypt | 1 | 200 | / | 50 |
| Tomb of Relics | 1 | 130 | / | 30 |
| Graveyard | 1 | 215 | / | 0 |
| Slaughterhouse | 2 | 280 | / | 270 |
| Temple of the Damned | 1 | 155 | / | 140 |
| Halls of the Dead | 2 | 640 | / | 420 |
| Black Citadel | 1 | 325 | / | 230 |
| total: | 16 | 2510g | / | 990w |
| 0:03 | Acolyte |
| 0:06 | Altar of Darkness |
| 0:11 | Ziggurat |
| 0:15 | Acolyte |
| 0:32 | Crypt |
| 0:51 | Tomb of Relics |
| 1:11 | Ziggurat |
| 1:12 | Acolyte |
| 1:38 | Ghoul |
| 1:39 | Ghoul |
| 1:54 | Ghoul |
| 2:05 | Rod of Necromancy |
| 2:06 | Death Coil |
| 2:18 | Ghoul |
| 2:25 | Ghoul |
| 3:02 | Halls of the Dead |
| 3:28 | Ghoul |
| 3:32 | Graveyard |
| 3:59 | Ghoul |
| 4:01 | Ziggurat |
| 4:05 | Ziggurat |
| 4:25 | Ghoul |
| 4:33 | Ghoul |
| 5:09 | Unholy Aura |
| 5:39 | Black Citadel |
| 6:17 | Death Coil |
| 6:28 | Slaughterhouse |
| 6:31 | Ziggurat |
| 6:49 | Ghoul |
| 6:57 | Rod of Necromancy |
| 7:01 | Frost Nova |
| 7:54 | Obsidian Statue |
| 8:00 | Slaughterhouse |
| 8:16 | Ghoul Frenzy |
| 8:37 | Destroyer Form |
| 8:46 | Spirit Tower |
| 8:58 | Frost Armor |
| 9:09 | Sleep |
| 9:38 | Crypt Fiend |
| 10:04 | Scroll of Healing |
| 10:05 | Orb of Corruption |
| 10:23 | Crypt Fiend |
| 11:05 | Crypt Fiend |
| 11:09 | Temple of the Damned |
| 11:25 | Scroll of Town Portal |
| 11:32 | Web |
| 11:55 | Unholy Strength |
| 12:09 | Death Pact |
| 12:25 | Ziggurat |
| 12:47 | Carrion Swarm |
| 13:28 | Crypt Fiend |
| 13:57 | Ghoul |
| 13:57 | Ghoul |
| 14:10 | Frost Nova |
| 14:19 | Banshee |
| 14:20 | Banshee Adept Training |
| 14:22 | Creature Attack |
| 14:26 | Spirit Tower |
| 15:14 | Acolyte |
| 15:14 | Acolyte |
| 15:26 | Banshee |
| 15:39 | Creature Carapace |
| 16:26 | Crypt Fiend |
| 16:29 | Ziggurat |
| 16:33 | Obsidian Statue |
| 16:38 | Burrow |
| 18:09 | Crypt Fiend |
| 18:11 | Improved Creature Attack |
| 18:13 | Banshee |
| 18:44 | Sleep |
| 19:31 | Crypt Fiend |
| 20:22 | Crypt Fiend |
| 20:24 | Crypt Fiend |
| 20:25 | Advanced Creature Attack |
| 21:08 | Death Coil |
| 21:46 | Banshee |
| 21:47 | Obsidian Statue |
| 23:57 | Ziggurat |
| 24:02 | Ziggurat |
| 25:11 | Spirit Tower |
| 25:12 | Spirit Tower |
| 25:19 | Crypt Fiend |
| 26:09 | Acolyte |
| 26:09 | Acolyte |
| 26:53 | Carrion Swarm |
| 27:36 | Ghoul |
| 27:36 | Ghoul |
| 27:36 | Ghoul |
| 27:36 | Ghoul |
| 27:42 | Dark Ritual |
| 28:00 | Ghoul |
| 28:31 | Staff of Teleportation |
| 28:32 | Potion of Lesser Invulnerability |
| 28:56 | Crypt Fiend |
| 28:57 | Acolyte |
| 29:09 | Animate Dead |
| 29:39 | Frost Nova |
| 29:51 | Acolyte |
| 30:42 | Acolyte |
| Right click | 2817 |
| Select group | 1643 |
| Select | 569 |
| Assign group | 406 |
| Use ability | 150 |
| Build/train/purchase | 131 |
| Misc. action | 21 |
| Item give/drop | 3 |
| Esc | 1 |
39 units @ 8.1k
/ 1.6k
41 buildings @ 3k
/ 1.6k

| Scroll of Regeneration | 8 | 800 |
| Lesser Clarity Potion | 1 | 70 |
| Potion of Healing | 2 | 300 |
| Scroll of Town Portal | 3 | 1050 |
| Boots of Speed | 1 | 250 |
| Staff of Teleportation | 1 | 150 |
| total: | 16 | 2620g |
| Peasant | 10 | 750 | / | 0 |
| Footman | 5 | 675 | / | 0 |
| Gryphon Rider | 23 | 6440 | / | 1610 |
| Rifleman | 1 | 205 | / | 30 |
| total: | 39 | 8070g | / | 1640w |
| Scout Tower | 24 | 720 | / | 480 |
| Arcane Tower | 1 | 70 | / | 50 |
| Guard Tower | 12 | 840 | / | 600 |
| Barracks | 1 | 160 | / | 60 |
| Farm | 7 | 560 | / | 140 |
| Altar of Kings | 1 | 180 | / | 50 |
| Lumber Mill | 1 | 120 | / | 0 |
| Arcane Vault | 1 | 130 | / | 30 |
| Blacksmith | 1 | 140 | / | 60 |
| Town Hall | 1 | 385 | / | 205 |
| Gryphon Aviary | 3 | 420 | / | 450 |
| Workshop | 1 | 140 | / | 140 |
| Keep | 1 | 320 | / | 210 |
| Castle | 1 | 360 | / | 210 |
| total: | 41 | 2955g | / | 1615w |
| 0:02 | Peasant |
| 0:02 | Peasant |
| 0:08 | Barracks |
| 0:10 | Farm |
| 0:19 | Farm |
| 0:25 | Altar of Kings |
| 0:40 | Peasant |
| 0:40 | Peasant |
| 0:51 | Peasant |
| 1:06 | Peasant |
| 1:19 | Peasant |
| 1:26 | Farm |
| 1:31 | Footman |
| 1:36 | Peasant |
| 1:42 | Scout Tower |
| 1:49 | Scout Tower |
| 1:55 | Footman |
| 2:26 | Arcane Tower |
| 2:28 | Footman |
| 2:35 | Pocket Factory |
| 2:51 | Footman |
| 3:12 | Keep |
| 3:33 | Lumber Mill |
| 3:36 | Arcane Vault |
| 4:09 | Engineering Upgrade |
| 4:19 | Scout Tower |
| 4:26 | Farm |
| 5:21 | Boots of Speed |
| 5:21 | Staff of Teleportation |
| 5:27 | Guard Tower |
| 5:30 | Scout Tower |
| 5:34 | Scroll of Regeneration |
| 5:34 | Scroll of Regeneration |
| 5:45 | Castle |
| 5:48 | Gryphon Aviary |
| 5:52 | Gryphon Aviary |
| 6:16 | Footman |
| 6:27 | Pocket Factory |
| 6:50 | Guard Tower |
| 6:59 | Gryphon Aviary |
| 7:53 | Farm |
| 7:54 | Farm |
| 8:01 | Engineering Upgrade |
| 8:17 | Storm Hammers |
| 8:19 | Gryphon Rider |
| 8:19 | Gryphon Rider |
| 8:21 | Improved Lumber Harvesting |
| 8:38 | Blacksmith |
| 9:19 | Scroll of Regeneration |
| 9:30 | Gryphon Rider |
| 9:30 | Gryphon Rider |
| 9:33 | Gryphon Rider |
| 10:02 | Scout Tower |
| 10:03 | Scout Tower |
| 10:03 | Scout Tower |
| 10:04 | Scout Tower |
| 10:23 | Gryphon Rider |
| 10:26 | Scroll of Regeneration |
| 10:27 | Lesser Clarity Potion |
| 10:29 | Scroll of Town Portal |
| 10:38 | Guard Tower |
| 10:46 | Guard Tower |
| 10:48 | Guard Tower |
| 11:15 | Gryphon Rider |
| 11:34 | Gryphon Rider |
| 12:05 | Scout Tower |
| 12:05 | Scout Tower |
| 12:15 | Gryphon Rider |
| 12:28 | Scroll of Regeneration |
| 12:34 | Scout Tower |
| 12:48 | Gryphon Rider |
| 12:55 | Scout Tower |
| 12:56 | Guard Tower |
| 13:14 | Guard Tower |
| 13:27 | Gryphon Rider |
| 13:57 | Guard Tower |
| 14:24 | Gryphon Rider |
| 14:39 | Scout Tower |
| 14:41 | Scout Tower |
| 15:04 | Gryphon Rider |
| 15:04 | Gryphon Rider |
| 15:45 | Gryphon Rider |
| 16:21 | Scroll of Regeneration |
| 16:23 | Scroll of Town Portal |
| 16:58 | Pocket Factory |
| 17:12 | Gryphon Rider |
| 17:54 | Gryphon Rider |
| 18:04 | Gryphon Rider |
| 18:59 | Gryphon Rider |
| 19:08 | Scout Tower |
| 19:09 | Scout Tower |
| 19:09 | Scout Tower |
| 19:09 | Scout Tower |
| 19:10 | Scout Tower |
| 19:13 | Rifleman |
| 19:18 | Gryphon Rider |
| 19:56 | Town Hall |
| 20:03 | Peasant |
| 20:03 | Peasant |
| 20:38 | Guard Tower |
| 20:55 | Guard Tower |
| 21:04 | Robo-Goblin |
| 21:56 | Scout Tower |
| 21:57 | Scout Tower |
| 21:58 | Scout Tower |
| 22:13 | Farm |
| 22:16 | Scout Tower |
| 22:19 | Scout Tower |
| 22:35 | Guard Tower |
| 22:38 | Scroll of Regeneration |
| 22:52 | Guard Tower |
| 23:32 | Potion of Healing |
| 25:20 | Workshop |
| 25:44 | Scroll of Regeneration |
| 25:46 | Scroll of Town Portal |
| 25:47 | Potion of Healing |
| 27:24 | Gryphon Rider |
| 27:24 | Gryphon Rider |
| 27:36 | Gryphon Rider |
| 27:47 | Engineering Upgrade |
| Right click | 2613 |
| Select group | 1102 |
| Select | 451 |
| Assign group | 191 |
| Misc. action | 158 |
| Build/train/purchase | 98 |
| Use ability | 44 |
| Item give/drop | 6 |
| Minimap ping | 3 |
| Remove unit | 2 |